 Dungeon Crawl Stone Soup version 0.28-a0-1415-g7c84da036a (webtiles) character file.

Game seed: 16795944329458268045

254 southernslant the Skirmisher (level 6, -5/38 HPs)
             Began as a Gargoyle Gladiator on Jan 7, 2022.
             Slain by Crazy Yiuf (9 damage)
             ... on level 2 of the Dungeon.
             The game lasted 00:04:22 (2244 turns).

southernslant the Skirmisher (Gargoyle Gladiator)   Turns: 2244, Time: 00:04:23

Health: -5/38      AC: 10    Str: 18    XL:     6   Next: 14%
Magic:  3/6        EV: 17    Int:  8    God:
Gold:   151        SH:  0    Dex: 13    Spells: 5/5 levels left

rFire   . . .      SeeInvis .   a - +0 trident
rCold   . . .      Faith    .   (no shield)
rNeg    + . .      Spirit   .   b - +0 leather armour
rPois   ∞          Reflect  .   l - +2 helmet
rElec   +          Harm     .   (no cloak)
rCorr   .          Rampage  .   (no gloves)
Will    .....                   (no boots)
Stlth   ++........              (no amulet)
HPRegen 0.12/turn               (no ring)
MPRegen 0.10/turn               (no ring)

@: agile
A: sickness immunity, AC +4, negative energy resistance 1, electricity
resistance, torment resistance 1, petrification resistance
a: no special abilities


You were on level 2 of the Dungeon.
You visited 1 branch of the dungeon, and saw 2 of its levels.

You collected 151 gold pieces.

Inventory:

Hand Weapons
 a - a +0 trident (weapon)
 n - a +0 scythe of flaming
 o - a +1 dagger of venom
Missiles
 d - 3 throwing nets (quivered)
 i - 67 stones
Armour
 b - a +0 leather armour (worn)
 c - a +0 helmet
 l - a +2 helmet (worn)
Scrolls
 f - a scroll of magic mapping {unknown}
 g - a scroll of blinking {unknown}
 h - 5 scrolls of identify {unknown}
 m - a scroll of fog {unknown}
 p - a scroll of enchant weapon {unknown}
 s - a scroll of teleportation {unknown}
Potions
 e - 2 potions of curing {unknown}
 j - a potion of haste {unknown}
 q - a potion of attraction {unknown}
 r - a potion of flight {unknown}


   Skills:
 * Level 4.1 Fighting
 + Level 3.2 Polearms
 + Level 2.5 Throwing
 * Level 2.4 Armour
 + Level 3.1 Dodging
 + Level 2.1 Stealth


You had 5 spell levels left.
You didn't know any spells.
Your spell library contained the following spells:

 Spells                   Type           Power      Damage    Failure   Level
 Gell's Gravitas          Tloc           0%         N/A       83%         3
 Teleport Other           Tloc           0%         N/A       83%         3
 Dispersal                Tloc           0%         N/A       100%        6


Dungeon Overview and Level Annotations

Branches:
Dungeon (2/15)

Altars:

Shops:
D:2 (

Annotations:
D:2 Crazy Yiuf


Innate Abilities, Weirdness & Mutations

You are immune to sickness and miasma.
Your stone body is resilient. (AC +4)
You are immune to poison.
You resist negative energy. (rN+)
You are resistant to electric shocks. (rElec)
You are resistant to unholy torment.
You are immune to petrification.


Message History

Press: ? - help, v - describe, . - travel The floor.
Unknown command.
You open the door.
Throw: 2 darts (atropa)
Press: ? - help, Q - select action, (/) - cycle Shift-Dir - straight line, f - Crazy Yiuf
Aim: Crazy Yiuf, wielding a +3 quarterstaff of chaos and wearing a +1 cloak (64% to hit, chance to blind on hit: 86%)
You throw an atropa-tipped dart.
The atropa-tipped dart closely misses Crazy Yiuf.
Throw: dart (atropa)
Press: ? - help, Q - select action, (/) - cycle Shift-Dir - straight line, f/p - Crazy Yiuf
Aim: Crazy Yiuf, wielding a +3 quarterstaff of chaos and wearing a +1 cloak (64% to hit, chance to blind on hit: 83%)
You throw an atropa-tipped dart.
The atropa-tipped dart barely misses Crazy Yiuf.
Crazy Yiuf hits you with a +3 quarterstaff of chaos.
Crazy Yiuf freezes you.
You hit Crazy Yiuf.
Crazy Yiuf is lightly wounded.
Crazy Yiuf hits you with a +3 quarterstaff of chaos!
You feel your power leaking away.
You closely miss Crazy Yiuf.
Crazy Yiuf is lightly wounded.
Crazy Yiuf hits you with a +3 quarterstaff of chaos!
You feel agile all of a sudden.
You hit Crazy Yiuf.
Crazy Yiuf is moderately wounded.
Crazy Yiuf hits you with a +3 quarterstaff of chaos!
* * * LOW HITPOINT WARNING * * *
Crazy Yiuf burns you.
* * * LOW HITPOINT WARNING * * *
You barely miss Crazy Yiuf.
Crazy Yiuf is moderately wounded.
Crazy Yiuf hits you with a +3 quarterstaff of chaos.
* * * LOW HITPOINT WARNING * * *
Crazy Yiuf burns you.
* * * LOW HITPOINT WARNING * * *
You hit Crazy Yiuf.
Crazy Yiuf is heavily wounded.
Crazy Yiuf hits you with a +3 quarterstaff of chaos!
You die...

...#.##.#.######..........##.#...
..##.##...##..............#..#...
>............####.........#.##...
.############# ########..#......
.# ### #..#...... .######.#
#..#...... .#....#.#### ###
####...... ...........## ###..)#
#......... #...##......####@g..(#
########## .)...#.......#..##...#
#.....# # ............#.### ###
#.....#### ..∩.....#######
#........# ........# #......#.#
.....#..##### ##########.....)[..
#...##......# #...............#.#
#..#........# #...............#..
##.#...)....# ##..............##.


You could see Crazy Yiuf.

Vanquished Creatures
  Sigmund (D:2)
  Jessica (D:2)
  An adder (D:2)
  4 dart slugs
  9 ball pythons
  8 bats
  2 endoplasms
  2 giant cockroaches (D:1)
  5 goblins
  3 hobgoblins
  4 jackals (D:1)
  3 kobolds
  6 quokkas
  A frilled lizard (D:1)
  8 rats
58 creatures vanquished.

Vanquished Creatures (others)
  2 plants (D:1)
2 creatures vanquished.

Grand Total: 60 creatures vanquished

Notes
Turn   | Place    | Note
-------+----------+-------------------------------------------
     0 | D:1      | southernslant the Gargoyle Gladiator began the quest for
                  | the Orb.
     0 | D:1      | Reached XP level 1. HP: 12/12 MP: 1/1
   132 | D:1      | Reached XP level 2. HP: 17/18 MP: 2/2
   388 | D:1      | Found a faded altar of an unknown god.
   554 | D:1      | Reached XP level 3. HP: 22/22 MP: 3/3
   674 | D:1      | Reached skill level 3 in Fighting
   674 | D:1      | Reached skill level 1 in Stealth
  1215 | D:2      | Found Niurrelo's Weapon Shop.
  1329 | D:2      | Reached XP level 4. HP: 28/28 MP: 4/4
  1420 | D:2      | Noticed Sigmund
  1438 | D:2      | Killed Sigmund
  1439 | D:2      | Reached XP level 5. HP: 24/33 MP: 5/5
  1545 | D:2      | Noticed Jessica
  1559 | D:2      | Killed Jessica
  1560 | D:2      | Reached skill level 4 in Fighting
  1560 | D:2      | Reached XP level 6. HP: 24/38 MP: 6/6
  1912 | D:2      | Found a runed translucent door.
  1913 | D:2      | Noticed Crazy Yiuf
  2244 | D:2      | Slain by Crazy Yiuf

Illustrated notes

Levels and vault maps discovered:
D:1:      dpeg_arrival_ternary, layout_rooms, serial_forest,
          infiniplex_forest_clump_C, infiniplex_forest_split,
          infiniplex_forest_clump_small, infiniplex_forest_clump_cross,
          infiniplex_forest_lined_2, infiniplex_forest_straight_5,
          infiniplex_forest_straight_2, shapermc_ecumenical_altar_mp_vishouse,
          minmay_tall_x
D:2:      layout_basic, serial_shops, nicolae_shop_bloodbath_and_beyond,
          grunt_decor_arrowhead, grunt_ministairs_1, uniq_sigmund, uniq_jessica,
          uniq_crazy_yiuf_cottage

Skill      XL: |  1  2  3  4  5 |
---------------+----------------+-----
Fighting       | 3 4 |  4.1
Stealth        | 1 2 |  2.1
Throwing       | 2 |  2.5
Polearms       | 3 |  3.2
Armour         | 2 |  2.4
Dodging        | 3 |  3.1

Action                   |  1- 3 |  4- 6 || total
-------------------------+-------+-------++-------
Melee: Trident           |   128 |    74 ||   202
       Punch             |     4 |       ||     4
Throw: Dart              |       |     2 ||     2
 Stab: Sleeping          |     1 |     1 ||     2
Armor: Leather armour    |    42 |    26 ||    68
Dodge: Dodged            |    82 |    42 ||   124

Table legend: (Time is in decaauts)
 A = Elapsed time spent in this place.
 B = Non-inter-level travel time spent in this place.
 C = Inter-level travel time spent in this place.
 D = Time resting spent in this place.
 E = Time spent auto-exploring this place.
 F = Levels seen in this place.
 G = Mean time per level.
                   A        B        C        D        E       F      G
               +--------+--------+--------+--------+--------+-----+--------+
         Total |   2275 |   2262 |     13 |      0 |   1776 |   2 | 1137.5 |
       Dungeon |   2275 |   2262 |     13 |      0 |   1776 |   2 | 1137.5 |
               +--------+--------+--------+--------+--------+-----+--------+

Top non-repeatable levels by time:
     D:1: 1225 daAuts
     D:2: 1050 daAuts
